Map: 大气2000-天梯版

Players

TIME (Oliveira) - Winner!

  • Race: Terran Terran

JieShi

  • Race: Protoss Protoss
  • League: Master

Event: DreamHack SC2 Masters 2021 Summer

VOD

Have the link to the VOD?

Description

Time

  • Played on: May 28, 2021, 7:55 a.m.
  • Length: 10:41

All games in this series

Show
View Real Time Build Order
Export as new Build Order

TIME Terran - Winner!

Build Orders: Gas First Reaper Expand 

Get SALT Encoding   

  12  0:00  SCV  
  13  0:12  SCV  
  14  0:17  Supply Depot  
  14  0:24  SCV  
  15  0:30  Refinery  
  15  0:38  SCV  
  16  0:44  Barracks  
  16  0:50  SCV  
  17  1:03  SCV  
  18  1:17  SCV  
  19  1:32  Reaper, Orbital Command  
  20  1:44  Command Center  
  20  1:55  Factory  
  20  2:00  SCV  
  21  2:06  Marine  
  22  2:12  Supply Depot  
  22  2:13  Bunker  
  22  2:15  SCV  
  23  2:25  Marine  
  23  2:41  SCV  
  23  2:43  Hellion  
  25  2:47  Barracks Reactor, Command Center  
  25  2:53  SCV  
  25  2:55  Starport  
  26  3:00  Refinery  
  26  3:05  Widow Mine, SCV  
  29  3:20  SCV  
  29  3:24  Marine  
  31  3:44  Factory Tech Lab  
  31  3:47  Supply Depot  
  31  3:54  SCV  
  31  3:58  Marine x2, Viking  
  31  3:59  Orbital Command  
  35  4:04  Cyclone  
  35  4:06  SCV  
  39  4:10  Bunker  
  39  4:16  Marine x2  
  39  4:19  Orbital Command  
  39  4:20  SCV  
  39  4:21  Barracks  
  39  4:22  Barracks  
  40  4:32  SCV  
  40  4:34  Marine x2  
  43  4:42  Factory Tech Lab, Raven  
  43  4:44  SCV  
  43  4:45  SCV  
  47  4:53  Supply Depot  
  47  4:55  Engineering Bay  
  47  4:57  SCV x2  
  47  4:58  Marine x2  
  51  5:09  SCV x2  
  51  5:10  Refinery  
  51  5:13  Marine  
  54  5:16  Marine x2  
  54  5:17  Supply Depot  
  54  5:19  Stimpack  
  54  5:21  SCV  
  57  5:22  SCV  
  57  5:26  Terran Infantry Weapons Level 1  
  58  5:30  Marine  
  58  5:33  SCV  
  58  5:34  SCV  
  61  5:36  Marine  
  61  5:38  Marine, Combat Shield  
  61  5:39  Marine  
  64  5:43  Supply Depot  
  64  5:45  Starport Reactor  
  64  5:46  Factory Reactor  
  64  5:48  SCV  
  64  5:49  SCV  
  66  5:53  Supply Depot  
  66  5:56  Marauder  
  68  6:00  SCV  
  68  6:01  SCV  
  69  6:08  Marauder, Marine x2  
  73  6:12  SCV  
  73  6:13  SCV  
  73  6:16  Supply Depot  
  75  6:18  Refinery  
  75  6:20  Marine  
  75  6:22  Medivac x2  
  75  6:24  SCV  
  83  6:25  Widow Mine  
  83  6:26  Widow Mine  
  83  6:28  SCV  
  83  6:33  Marine  
  83  6:34  Marine  
  83  6:36  SCV  
  83  6:39  Supply Depot  
  86  6:40  SCV  
  86  6:41  Marine  
  86  6:42  Marauder  
  90  6:55  Medivac x2  
  90  7:00  Widow Mine x2, SCV x2  
  100  7:02  Supply Depot  
  100  7:03  Marine  
  101  7:12  SCV, Supply Depot  
  102  7:21  SCV  
  102  7:22  Marauder  
  102  7:28  Marine  
  102  7:29  Marauder, Marine  
  88  7:40  Widow Mine x2, Medivac x2  
  88  7:43  Marine, Command Center  
  97  7:46  Marine, Concussive Shells  
  97  7:49  SCV x2  
  97  7:50  Marauder  
  102  7:53  Terran Infantry Armor Level 1  
  102  7:57  Marine  
  103  8:01  SCV, Marauder, Supply Depot  
  104  8:06  Marine  
  104  8:12  Marauder  
  105  8:15  Marine  
  95  8:21  Widow Mine x2, Medivac x2  
  95  8:22  Marine  
  95  8:24  Marine  
  105  8:30  SCV  
  105  8:33  Marauder, Marine  
  96  8:35  SCV  
  96  8:41  Marauder  
  99  8:42  SCV, Barracks  
  99  8:43  Barracks  
  99  8:44  Marine  
  99  8:47  Widow Mine x2, SCV  
  106  8:50  Marine  
  106  8:55  Marauder  
  109  8:56  Medivac x2  
  109  8:58  SCV  
  109  9:00  Orbital Command  
  114  9:05  Marauder  
  114  9:06  Marine  
  114  9:08  SCV, Marine  
  119  9:15  Widow Mine x2  
  119  9:16  SCV  
  124  9:21  Armory, Engineering Bay, Supply Depot  
  124  9:25  Marauder  
  124  9:29  Marauder, Marine  
  124  9:30  Barracks Reactor  
  124  9:31  Barracks Tech Lab  
  128  9:35  Medivac x2  
  128  9:36  SCV  
  133  9:40  Marine  
  133  9:42  Widow Mine x2  
  138  9:46  Marauder, Supply Depot  
  138  9:52  Marine  
  142  9:53  Marauder x2  
  138  10:01  Marine  
  138  10:03  Widow Mine  
  141  10:07  SCV, Marauder  
  141  10:08  SCV x2, Marine x2  
  141  10:09  Supply Depot  
  141  10:10  Supply Depot  
  150  10:14  Marauder  
  150  10:17  Marauder, Marine  
  150  10:19  Marine  
Show
View Real Time Build Order
Export as new Build Order

JieShi Protoss 

Build Orders:  

Get SALT Encoding   

  12  0:01  Probe  
  13  0:13  Probe  
  14  0:18  Pylon  
  14  0:25  Probe  
  15  0:35  Pylon  
  15  0:37  Probe  
  16  0:49  Probe  
  17  0:53  Gateway  
  17  1:00  Assimilator  
  17  1:01  Probe  
  18  1:13  Probe  
  19  1:25  Probe  
  21  1:40  Zealot (Chrono Boost)  
  21  1:41  Cybernetics Core  
  22  1:48  Nexus  
  22  1:51  Probe  
  23  1:58  Zealot (Chrono Boost)  
  25  2:03  Probe  
  26  2:14  Pylon  
  26  2:15  Probe, Stalker (Chrono Boost)  
  28  2:29  Probe  
  29  2:31  Warp Gate  
  29  2:32  Shield Battery  
  29  2:41  Probe  
  28  2:45  Adept  
  28  2:50  Assimilator  
  28  2:54  Probe  
  28  2:56  Shield Battery  
  29  3:03  Probe  
  30  3:06  Probe  
  31  3:15  Probe  
  31  3:18  Probe  
  32  3:28  Probe (Chrono Boost), Stargate  
  32  3:30  Probe (Chrono Boost)  
  36  3:42  Probe (Chrono Boost)  
  36  3:44  Gateway  
  36  3:45  Probe (Chrono Boost)  
  36  3:49  Probe (Chrono Boost)  
  36  3:51  Probe  
  38  3:59  Probe  
  38  4:01  Robotics Facility  
  39  4:04  Probe  
  40  4:11  Probe  
  40  4:14  Phoenix (Chrono Boost)  
  40  4:16  Probe  
  44  4:19  Adept  
  44  4:23  Probe, Assimilator  
  47  4:25  Assimilator  
  47  4:28  Probe  
  48  4:32  Phoenix  
  48  4:35  Probe, Pylon  
  48  4:37  Gateway  
  51  4:40  Probe  
  51  4:45  Pylon  
  52  4:48  Probe  
  52  4:51  Observer  
  54  4:55  Probe  
  57  5:00  Probe  
  57  5:05  Robotics Bay  
  56  5:09  Pylon  
  56  5:10  Phoenix (Chrono Boost), Pylon  
  56  5:12  Probe  
  60  5:15  Pylon  
  60  5:16  Observer (Chrono Boost)  
  61  5:23  Nexus  
  60  5:32  Phoenix (Chrono Boost)  
  62  5:39  Immortal (Chrono Boost)  
  62  5:41  Stalker  
  68  5:45  Shield Battery  
  68  5:46  Probe  
  68  5:47  Probe  
  70  5:57  Observer  
  70  6:04  Colossus (Chrono Boost)  
  70  6:08  Probe x2  
  70  6:09  Phoenix (Chrono Boost)  
  78  6:15  Gateway  
  78  6:18  Forge  
  78  6:20  Extended Thermal Lance  
  78  6:21  Probe x2  
  80  6:28  Observer  
  80  6:33  Probe  
  80  6:37  Phoenix  
  81  6:41  Probe, Pylon  
  81  6:44  Sentry  
  81  6:45  Gateway  
  81  6:46  Gateway  
  84  6:58  Colossus (Chrono Boost)  
  84  7:01  Probe  
  91  7:02  Probe x2, Pylon  
  91  7:07  Phoenix  
  95  7:08  Zealot x2  
  95  7:12  Stalker  
  98  7:29  Zealot x2  
  91  7:32  Phoenix  
  81  7:44  Zealot x3  
  58  7:47  Colossus (Chrono Boost)  
  58  7:50  Stalker x2  
  72  8:01  Phoenix (Chrono Boost)  
  74  8:05  Zealot x2  
  74  8:06  Zealot  
  78  8:14  Stalker x2  
  78  8:15  Probe x2  
  76  8:26  Zealot, Stalker x2  
  81  8:30  Phoenix  
  73  8:42  Warp Prism (Chrono Boost)  
  73  8:47  Sentry  
  77  8:51  Stalker  
  79  8:58  Phoenix  
  81  9:04  Stalker  
  83  9:12  Stalker  
  83  9:15  Pylon  
  85  9:19  Observer  
  86  9:27  Pylon  
  86  9:28  Pylon  
  86  9:35  Observer  
  86  9:43  Sentry  
  86  9:44  Sentry  
  86  9:45  Zealot, Stalker x2  
  95  10:06  Pylon, Stalker  
  103  10:08  Zealot  
  105  10:16  Pylon  
  105  10:19  Zealot  
  107  10:21  Zealot  
  107  10:32  Zealot x2  
  107  10:33  Zealot  
Tags
 
Add a new tag
Caveats
  • Supply blocks, unpowered buildings, or Contaminate may cause inaccurate times.
  • Supply counts are checked every 10 seconds.